 Dungeon Crawl Stone Soup version 0.13-a0-2484-gc765b08 (webtiles) character file.

602 Rycklaryybbe the Covert (level 6, -7/28 HPs)
             Began as a Spriggan Enchanter on July 20, 2013.
             Was an Initiate of Ashenzari.
             Splashed by a jelly's acid (8 damage)
             ... on Level 5 of the Dungeon.
             The game lasted 00:14:30 (4359 turns).

Rycklaryybbe the Covert (Spriggan Enchanter)        Turns: 4359, Time: 00:14:30

HP  -7/28        AC  2     Str  6      XL: 6   Next: 43%
MP  18/18        EV  4     Int 16      God: Ashenzari [......]
Gold 230         SH  0     Dex 17      Spells:  3 memorised,  6 levels left

Res.Fire  : + . .   See Invis. : +   G - +1,+0 short sword (venom)
Res.Cold  : . . .   Warding    : .   b - +0 robe
Life Prot.: + + +   Conserve   : .   (shield restricted)
Res.Poison: +       Res.Corr.  : .   (helmet restricted)
Res.Elec. : .       Clarity    : .   (no cloak)
Sust.Abil.: . .     Spirit.Shd : .   (gloves unavailable)
Res.Mut.  : .       Stasis     : .   (boots unavailable)
Res.Rott. : +       Flight     : .   h - amulet of rage
Saprovore : . . .                    (no ring)
                                     C - ring of protection from fire {unknown}

@: petrified, glowing, very quick, somewhat resistant to hostile enchantments,
fairly stealthy
A: unfitting armour, see invisible, herbivore 3, speed 3, slow metabolism 2
a: Renounce Religion, Evoke Berserk Rage


You were on level 5 of the Dungeon.
You worshipped Ashenzari.
Ashenzari was noncommittal.
You were not hungry.

You visited 2 branches of the dungeon, and saw 6 of its levels.

You collected 246 gold pieces.
You spent 36 gold pieces at shops.

Inventory:

Hand weapons
 a - a +1,+1 dagger {=f}
 y - a +0,+0 orcish short sword
 B - a +1,+1 spear of dragon slaying
 D - a +1 blowgun
 G - a +1,+0 short sword of venom (weapon)
Missiles
 d - 9 darts (quivered)
 E - 7 curare-tipped needles
Armour
 b - a +0 robe (worn)
 o - a +0 robe
Magical devices
 s - a wand of fireball (5)
Comestibles
 m - a lemon
 w - a bread ration
Scrolls
 g - a scroll of amnesia
 i - 2 scrolls of remove curse
 j - 6 scrolls of identify {unknown}
 n - 2 scrolls of enchant weapon I {unknown}
 p - a scroll of recharging {unknown}
 q - a scroll of curse weapon
 r - 3 scrolls of curse jewellery
 x - a scroll of enchant weapon II {unknown}
 A - a scroll of teleportation {unknown}
 H - a scroll of noise {unknown}
Jewellery
 h - an amulet of rage (around neck)
 C - a ring of protection from fire (left hand) {unknown}
Potions
 e - a potion of porridge
 k - 2 potions of resistance {unknown}
 l - 2 potions of curing
 t - a potion of brilliance {unknown}
 v - a potion of speed {unknown}
 z - 2 potions of agility {unknown}
 I - a potion of heal wounds
Books
 c - a book of Maledictions

   Spells                             Type                      Level
   *Corona                            Hexes                        1
   Sure Blade                         Hexes/Charms                 2
   *Ensorcelled Hibernation           Hexes/Ice                    2
   *Confuse                           Hexes                        3
   Enslavement                        Hexes                        4
   Invisibility                       Hexes                        6
 u - a book of Power

   Spells                             Type                      Level
   Iskenderun's Mystic Blast          Conjuration                  4
   Venom Bolt                         Conjuration/Poison           5
   Bolt of Magma                      Conjuration/Fire/Earth       5
   Fulminant Prism                    Conjuration/Hexes            5
   Iron Shot                          Conjuration/Earth            6
   Orb of Destruction                 Conjuration                  7


   Skills:
 - Level 2.1 Short Blades
 - Level 1.1 Throwing
 - Level 3.0 Dodging
 - Level 9.3 Stealth
 * Level 3.6 Spellcasting
 - Level 3.6 Hexes


You had 6 spell levels left.
You knew the following spells:

 Your Spells              Type           Power        Failure   Level  Hunger
a - Corona                Hex            ##.....      4%          1    None
b - Ensorcelled Hibernat  Hex/Ice        #.....       14%         2    ##.....
c - Confuse               Hex            ##......     12%         3    ###....


Dungeon Overview and Level Annotations

Branches:
Dungeon (5/27)             Temple (1/1) D:4

Altars:
Ashenzari
Cheibriados
Elyvilon
Makhleb
Sif Muna
Trog
Yredelemnul
Zin
the Shining One

Shops:
D:4: !

Annotations
D:3 Grinder


Innate Abilities, Weirdness & Mutations

You are tiny and cannot use many weapons and most armour.
You have supernaturally acute eyesight.
You are a herbivore.
You cover ground extremely quickly.
You need consume almost no food.


Message History

Aim: a jelly (moderately wounded)
The fireball explodes!
The fireball engulfs the jelly.
The jelly is heavily wounded.
You have turned to stone.
The jelly hits you.
You are splashed with acid!
The acid burns!
A gnoll comes into view. It is wielding a whip.
The jelly hits you.
You are splashed with acid!
The acid burns!
The jelly barely misses you. The gnoll shaman hits you with a whip.
The gnoll shaman hits you with a whip!
* * * LOW HITPOINT WARNING * * *
The jelly hits you.
* * * LOW HITPOINT WARNING * * *
You are splashed with acid!
The acid burns!
* * * LOW HITPOINT WARNING * * *
The gnoll shaman hits you but does no damage.
The jelly closely misses you. The gnoll shaman barely misses you.
The jelly hits you.
* * * LOW HITPOINT WARNING * * *
You are splashed with acid!
The acid corrodes your +1 robe!
The acid burns!
You die...

### # ###..# .# . ..#..#
##.## . #.#.#..# #...#
#.##.#.#..# ###...###
#.........# #.......###
.)...#.##.######.........
####....##..g..g........#
.....>......@J..g....#...#
#####....###########...#
..........######## ##.##
######.<.........
#....gS.. ###########.
####.#### #


You could see a jelly, a gnoll shaman and 2 gnolls.

Vanquished Creatures
  A centaur skeleton (D:4)
  An iguana (D:4)
  2 orc priests
  2 orc wizards
  A worker ant (D:3)
  5 gnolls
  8 adders
  A worm (D:3)
  A giant eyeball (D:4)
  A giant gecko (D:1)
  7 orcs
  2 ball pythons
  2 giant cockroaches (D:3)
  6 hobgoblins
  2 jackals (D:2)
  10 kobolds
  3 quokkas
  3 bats
  3 giant newts
  A gnoll skeleton (D:5)
  8 goblins
  A hobgoblin skeleton (D:4)
  An orc skeleton (D:4)
  9 rats
81 creatures vanquished.

Notes
Turn   | Place    | Note
--------------------------------------------------------------
     0 | D:1      | Rycklaryybbe, the Spriggan Enchanter, began the quest for the Orb.
     0 | D:1      | Reached XP level 1. HP: 9/9 MP: 4/4
   443 | D:1      | Reached skill level 4 in Stealth
   516 | D:1      | Reached XP level 2. HP: 13/13 MP: 6/6
   978 | D:2      | Learned a level 2 spell: Ensorcelled Hibernation
  1017 | D:2      | Reached skill level 5 in Stealth
  1169 | D:2      | Reached XP level 3. HP: 16/16 MP: 9/9
  1349 | D:1      | Reached skill level 6 in Stealth
  1789 | D:3      | Noticed Grinder
  1829 | D:3      | Reached XP level 4. HP: 21/21 MP: 11/11
  1834 | D:3      | Found a deep blue altar of Sif Muna.
  1933 | D:3      | Reached skill level 7 in Stealth
  2323 | D:3      | Reached skill level 8 in Stealth
  2323 | D:3      | Reached XP level 5. HP: 11/24 MP: 9/13
  2743 | D:4      | Reached skill level 9 in Stealth
  2748 | D:4      | Learned a level 3 spell: Confuse
  3286 | D:4      | Reached XP level 6. HP: 12/28 MP: 13/17
  3672 | D:4      | Found a staircase to the Ecumenical Temple.
  3687 | Temple   | Entered the Ecumenical Temple
  3906 | Temple   | Became a worshipper of Ashenzari the Shackled
  4206 | D:4      | Found Smahe's Distillery.
  4216 | D:4      | Bought a potion of heal wounds for 36 gold pieces
  4319 | D:5      | Entered Level 5 of the Dungeon
  4359 | D:5      | HP: 1/28 [jelly (1)]
  4359 | D:5      | Splashed by a jelly's acid

Action                   |  1- 3 |  4- 6 || total
-------------------------+-------+-------++-------
Melee: Dagger            |    73 |    32 ||   105
       Short sword       |       |    81 ||    81
 Fire: Blowgun           |       |     4 ||     4
Throw: Dart              |     9 |     7 ||    16
 Cast: Corona            |     3 |       ||     3
       Ensorcelled Hiber |     2 |    14 ||    16
       Confuse           |       |     4 ||     4
Evoke: Wand              |       |     2 ||     2
  Use: Potion            |       |     1 ||     1
       Scroll            |       |     2 ||     2
 Stab: Sleeping          |    16 |    28 ||    44
       Distracted        |     1 |     1 ||     2
       Confused          |       |     2 ||     2
